 Dungeon Crawl Stone Soup version 0.16-a0-282-ga87e286 (webtiles) character file.

121977 MackTheKnife the Reanimator (level 16, -2/143 HPs)
             Began as a Grey Draconian Ice Elementalist on Aug 25, 2014.
             Was the Champion of Kikubaaqudgha.
             Slain by a spriggan rider
             ... wielding a +0 spear
              (22 damage)
             ... on Level 5 of the Swamp on Aug 27, 2014.
             The game lasted 02:53:36 (41215 turns).

MackTheKnife the Reanimator (DrIE)                 Turns: 41215, Time: 02:53:37

HP  -2/143       AC 23     Str 13      XL: 16   Next:  3%
MP   6/34        EV 17     Int 25      God: Kikubaaqudgha [******]
Gold 714         SH  0     Dex 14      Spells:  9 memorised,  3 levels left

rFire  . . .     SeeInvis +     R - +7 cutlass (pain)
rCold  . . .     Clarity  +     (armour unavailable)
rNeg   . . .     rCorr    .     (no shield)
rPois  +         rRot     .     y - +2 hat
rElec  .         Spirit   .     S - +2 cloak of the Thief {+Fog Slay-2 SInv Stlth+}
SustAb .         Warding  .     W - +1 pair of gloves
rMut   .         Stasis   .     m - +0 pair of boots of the Slorg {Str+2}
Gourm  .                        E - amulet of clarity
MR     +....                    w - +5 ring of intelligence
                                e - ring of Shaolin {EV+8}

@: grasped by roots, very slow, somewhat resistant to hostile enchantments,
fairly stealthy
A: walk through water, unfitting armour, blurry vision 3, poison resistance,
shaggy fur 1, unbreathing, cold-blooded, AC +14
a: Receive Corpses, Torment, Renounce Religion, Evoke Fog
}: 1/15 runes: decaying


You were on level 5 of the Swamp.
You worshipped Kikubaaqudgha.
Kikubaaqudgha was exalted by your worship.
You were not hungry.

You visited 5 branches of the dungeon, and saw 33 of its levels.

You collected 3007 gold pieces.
You spent 2293 gold pieces at shops.


Innate Abilities, Weirdness & Mutations

You can walk through water.
Your dull iron-grey scales are very hard (AC +14).
Your body does not fit into most forms of armour.
You can survive without breathing.
Your cold-blooded metabolism reacts poorly to cold.
Your vision is extremely blurry.
Your system is resistant to poisons.
You are covered in fur (AC +1).


   Skills:
 - Level 13.0 Fighting
 - Level 10.0 Short Blades
 - Level 10.0 Dodging
 - Level 1.7 Stealth
 + Level 10.6 Spellcasting
 - Level 7.2 Conjurations
 + Level 14.8 Necromancy
 - Level 10.8 Ice Magic
 - Level 1.2 Evocations


You had 3 spell levels left.
You knew the following spells:

 Your Spells              Type           Power        Failure   Level  Hunger
a - Ozocubu's Armour      Chrm/Ice       #####...     1%          3    None
b - Summon Ice Beast      Ice/Summ       #####...     6%          4    None
c - Throw Icicle          Conj/Ice       ######..     1%          4    None
f - Control Undead        Necr           ######....   1%          4    None
g - Simulacrum            Ice/Necr       ######....   4%          6    #####..
q - Dispel Undead         Necr           ######..     1%          5    ###....
s - Animate Skeleton      Necr           N/A          0%          1    None
x - Bolt of Draining      Conj/Necr      ######....   1%          5    ###....
z - Freeze                Ice            ####         1%          1    None

Inventory:

Hand weapons
 R - a +7 cutlass of pain (weapon)
 Z - a +1 lajatang of electrocution
Armour
 m - the +0 pair of boots of the Slorg (worn) {Str+2}
   (You found it on level 8 of the Dungeon)

   It affects your strength (+2).
 y - a +2 hat (worn)
 z - a +0 buckler of reflection
 S - the +2 cloak of the Thief (worn) {+Fog Slay-2 SInv Stlth+}
   (You found it on level 12 of the Dungeon)

   It affects your accuracy and damage with ranged weapons and melee attacks
   (-2).
   It enhances your eyesight.
   It can be evoked to emit clouds of fog.
   It makes you more stealthy.
 V - the +0 cloak "Ymuider" {Str+1 Dex+2 Int+2}
   (You found it on level 8 of the Lair of Beasts)

   It affects your strength (+1).
   It affects your intelligence (+2).
   It affects your dexterity (+2).
 W - a +1 pair of gloves (worn)
Magical devices
 b - a wand of teleportation (2)
 c - a wand of hasting (9)
 n - a wand of digging (4)
 x - a wand of disintegration (11)
 A - a wand of digging (8)
 J - a wand of digging (11)
 O - a wand of fire (5)
 Q - a wand of cold (1)
Comestibles
 h - 6 royal jellies
 o - 4 meat rations
 p - 3 bread rations
 t - 3 chunks of swamp worm flesh {@*1}
 u - 12 fruits
 D - 3 beef jerkies
 N - 3 slices of pizza
Scrolls
 f - 9 scrolls of teleportation
 g - 2 scrolls of recharging
 s - 3 scrolls of fear
 v - 7 scrolls of fog
 B - 4 scrolls of blinking
 C - 7 scrolls of remove curse
 T - 4 scrolls of magic mapping
Jewellery
 e - the ring of Shaolin (left hand) {EV+8}
   (You bought it in a shop on level 4 of the Orcish Mines)

   [ring of evasion]

   It affects your evasion (+8).
 i - an uncursed ring of wizardry
 j - a cursed ring of protection from fire
 w - a +5 ring of intelligence (right hand)
 E - an amulet of clarity (around neck)
 P - an uncursed ring of protection from cold
 X - an uncursed ring of magical power
 Y - an uncursed ring of protection from magic
Potions
 a - a potion of cure mutation
 d - 3 potions of restore abilities
 k - 11 potions of curing
 l - 6 potions of haste
 r - 2 potions of agility
 G - a potion of resistance
 H - 3 potions of heal wounds
 I - a potion of might
 K - 4 potions of brilliance
 L - 2 potions of cancellation
 M - 2 potions of flight
Books
 U - a book of Clouds

   Spells                             Type                      Level
   Mephitic Cloud                     Conjuration/Poison/Air       3
   Conjure Flame                      Conjuration/Fire             3
   Poisonous Cloud                    Conjuration/Poison/Air       6
   Freezing Cloud                     Conjuration/Ice/Air          6
   Ring of Flames                     Charms/Fire                  7
Miscellaneous
 q - a lamp of fire
Rods
 F - a +0 rod of shadows (10/10) {!a}
   (You found it on level 5 of the Swamp)

≈≈≈≈≈≈≈·≈ ♣ ♣≈≈≈≈≈≈····
≈≈≈≈#··♣♣♣♣{· ♣♣·#≈···≈·≈≈≈
≈≈≈≈≈#♣♣♣···♣ ≈≈≈≈≈≈·≈♣≈≈≈♣
·≈≈≈≈··≈≈≈≈≈♣♣♣♣·≈≈≈≈·≈≈≈≈·♣
≈≈≈≈··≈≈≈≈≈·♣♣≈♣♣♣#≈≈·≈)≈#♣
♣··♣♣♣≈≈≈≈≈·≈#·≈♣♣·≈≈≈#≈♣
♣♣♣ ♣≈≈≈≈≈≈···♣♣≈≈·≈≈≈≈♣
♣·≈≈#≈≈···≈♣bb·#≈≈·♣ ♣♣
♣≈≈≈≈P≈····dfi≈≈··♣♣
·♣♣♣♣♣≈≈·≈≈·♣♣♣≈≈≈#%≈♣♣♣
≈≈≈≈≈≈·≈··≈♣♣ ♣♣≈≈≈≈♣♣
≈≈≈≈≈≈≈≈P·♣♣ ♣≈≈≈≈♣
·≈≈P≈≈≈≈♣♣·≈≈≈≈≈≈≈≈·♣
≈#≈≈≈≈≈·≈≈≈#≈#≈≈(··♣♣
≈≈[#≈≈≈≈≈≈≈≈····≈≈··
≈≈P≈≈≈≈≈≈≈≈·♣≈≈≈≈≈≈≈·
≈≈≈≈≈#≈##··≈♣ ≈≈≈≈≈


You could see a shambling mangrove, a spriggan rider and 2 ravens.


Message History

The spriggan rider hits you from afar with a spear.
* * * LOW HITPOINT WARNING * * *
The raven completely misses you. The raven misses you.
Read which item? (? for menu, Esc to quit)
The writing blurs in front of your eyes.
The raven pecks you but does no damage. The raven closely misses you.
The raven pecks you but does no damage. The raven closely misses you.
The raven barely misses you. The raven completely misses you.
The raven barely misses you. The raven misses you.
The spriggan rider hits you from afar with a spear!!
* * * LOW HITPOINT WARNING * * *
You enter the shallow water.
Moving in this stuff is going to be slow.
A root reaches out and grasps at passing movement.
The raven pecks you.
* * * LOW HITPOINT WARNING * * *
The raven claws you but does no damage. The raven pecks you but does no damage.
The raven barely misses you. The raven misses you.
The raven completely misses you. The raven pecks you but does no damage.
The raven claws you but does no damage. The raven pecks you but does no damage.
The raven barely misses you. The raven misses you.
The raven closely misses you. The raven pecks you but does no damage.
The raven claws you but does no damage.
The spriggan rider completely misses you.
The raven pecks you!
* * * LOW HITPOINT WARNING * * *
The raven claws you but does no damage.
The spriggan rider hits you from afar with a spear!!
You die...
Kikubaaqudgha rasps: "You have failed me!
Welcome... death!"

Action                   |  1- 3 |  4- 6 |  7- 9 | 10-12 | 13-15 | 16-18 || total
-------------------------+-------+-------+-------+-------+-------+-------++-------
Melee: Unarmed           |    57 |       |       |       |       |       ||    57
       Flail             |    32 |   145 |    12 |       |       |       ||   189
       Staff             |       |    31 |    34 |    58 |       |       ||   123
       Scimitar          |       |       |    81 |   598 |   625 |       ||  1304
       Cutlass           |       |       |       |       |   571 |     4 ||   575
 Cast: Freeze            |    44 |    92 |    86 |    78 |     5 |       ||   305
       Throw Frost       |     1 |    15 |    26 |       |       |       ||    42
       Ozocubu's Armour  |     2 |     6 |     5 |    23 |    41 |       ||    77
       Throw Icicle      |       |     1 |    58 |    95 |    69 |     3 ||   226
       Summon Ice Beast  |       |       |    46 |    41 |    18 |       ||   105
       Animate Skeleton  |       |       |       |    77 |    36 |       ||   113
       Simulacrum        |       |       |       |    23 |    68 |       ||    91
       Bolt of Draining  |       |       |       |       |   215 |     2 ||   217
       Control Undead    |       |       |       |       |     3 |       ||     3
       Dispel Undead     |       |       |       |       |    31 |       ||    31
Invok: Receive Corpses   |       |       |       |    10 |    21 |     1 ||    32
Evoke: Wand              |       |       |     5 |    10 |    23 |     5 ||    43
       Lamp of fire      |       |       |       |       |     1 |       ||     1
  Use: Scroll            |       |    13 |     8 |    15 |    18 |       ||    54
       Potion            |       |     5 |     4 |     2 |    12 |       ||    23
 Stab: Sleeping          |     2 |       |     1 |     1 |    10 |       ||    14
       Distracted        |       |       |     1 |     5 |     5 |       ||    11
       Confused          |       |       |       |     1 |       |       ||     1
  Eat: Chunk             |     4 |     7 |    14 |    39 |    66 |       ||   130
       Bread ration      |       |     1 |     2 |     1 |     7 |       ||    11
       Meat ration       |       |     1 |     1 |     2 |     6 |       ||    10
       Royal jelly       |       |       |     1 |       |       |       ||     1
       Beef jerky        |       |       |       |     1 |     2 |       ||     3
       Fruit             |       |       |       |       |     2 |       ||     2

Vault maps used:
D:1:      dpeg_arrival_ratfight
D:2:      serial_undead, serial_undead_e, serial_undead_d, serial_undead_f,
          serial_undead_d, serial_undead_b, serial_undead_f, serial_undead_f,
          serial_undead_c, corexii_corridor_pit, minivault_25,
          bh_walls_and_bars, uniq_iyjb, uniq_sigmund
D:3:      first_bread
D:4:      black_bear_nest_1
D:5:      uniq_natasha, uniq_menkaure, uniq_duvessa
D:6:      kennysheep_six_static_rooms, uniq_grinder, uniq_blork_the_orc
D:7:      temple_fountains, minmay_statues_item
D:9:      orc_0_dummy, serial_shops, nicolae_shop_waterfront, uniq_pikel
D:10:     hangedman_fish_farm, minmay_item_behind_shaft,
          kb_lookout_dungeons_type, uniq_fannar
D:11:     lair_0_dummy, basic_altar
D:12:     uniq_joseph
D:13:     hangedman_vaults_entry_quadrant_bands
D:14:     serial_shops, shop_statue, zin_angel
D:15:     grunt_enter_depths_snipers, serial_shops, shop,
          fedhas_altar_fruit_tree
Temple:   kilobyte_greek_temple_18
Orc:1:    makhleb_blood_cavern_becter, uniq_erolcha
Orc:3:    nicolae_orc_pool_cavern, uniq_urug
Orc:4:    grunt_orc_cross
Lair:1:   minivault_24, grunt_megastairs_3
Lair:2:   beast_lair_carwin_3
Lair:3:   swamp_mist
Lair:4:   grunt_megastairs_5
Lair:5:   infiniplex_staircase_pool_2, grunt_megastairs_1, uniq_maud
Lair:6:   dummy_spider_entry, lemuel_old_faithful
Lair:7:   basic_altar, grunt_megastairs_4, serial_bayou_shore_a
Lair:8:   due_jungle_book, slime_altar_1, roderic_ravens_nest
Swamp:1:  hangedman_swamp_blocks
Swamp:2:  evilmike_swamp_ruin_house_3, swamp_pool4
Swamp:3:  cheibrodos_swamp_tower_of_moss, infiniplex_staircase_pool, uniq_agnes
Swamp:4:  serial_swamp_ruin, evilmike_swamp_ruin_wall,
          evilmike_swamp_ruin_house_5, swamp_pool3
Swamp:5:  swamp_vile

Notes
Turn   | Place    | Note
--------------------------------------------------------------
     0 | D:1      | MackTheKnife, the Draconian Ice Elementalist, began the quest for the Orb.
     0 | D:1      | Reached XP level 1. HP: 14/14 MP: 3/3
   433 | D:1      | Reached XP level 2. HP: 20/20 MP: 1/4
   514 | D:1      | Learned a level 2 spell: Throw Frost
  1293 | D:1      | Reached XP level 3. HP: 26/26 MP: 6/6
  1356 | D:1      | HP: 2/26 [goblin (2)]
  1744 | D:1      | Reached skill level 3 in Spellcasting
  1828 | D:1      | Learned a level 3 spell: Ozocubu's Armour
  1907 | D:2      | Noticed Ijyb
  1917 | D:2      | Reached skill level 4 in Ice Magic
  1917 | D:2      | Reached XP level 4. HP: 33/33 MP: 2/9
  2066 | D:1      | Killed Ijyb
  2521 | D:2      | Noticed Sigmund
  2933 | D:2      | HP: 1/33 [something/puff of flame (6)]
  3590 | D:3      | Reached XP level 5. HP: 32/38 MP: 4/12
  3811 | D:3      | Upgraded the game from 0.16-a0-262-g6fc725f to 0.16-a0-269-gd5b6136
  4092 | D:3      | Reached skill level 4 in Spellcasting
  4111 | D:3      | Reached skill level 5 in Ice Magic
  4600 | D:4      | Noticed a black bear
  4713 | D:5      | Entered Level 5 of the Dungeon
  4768 | D:5      | Reached XP level 6. HP: 34/45 MP: 3/15
  4868 | D:5      | Noticed Dowan
  4872 | D:5      | Noticed Duvessa
  6006 | D:5      | Learned a level 4 spell: Throw Icicle
  6043 | D:5      | Noticed Natasha
  6046 | D:5      | Killed Natasha
  6134 | D:5      | Reached skill level 5 in Spellcasting
  6134 | D:5      | Reached skill level 6 in Ice Magic
  6146 | D:5      | Your scales start taking on a dull iron-grey colour.
  6146 | D:5      | Gained mutation: You can survive without breathing. [draconian maturity]
  6146 | D:5      | Reached XP level 7. HP: 41/50 MP: 18/18
  6249 | D:5      | Noticed Natasha
  6262 | D:5      | Killed Natasha
  6314 | D:5      | Noticed Natasha
  6316 | D:5      | You fall through a shaft for 2 floors!
  6547 | D:5      | Killed Natasha
  6577 | D:5      | Killed Dowan
  6580 | D:5      | Killed Duvessa
  6580 | D:5      | Reached skill level 1 in Fighting
  6580 | D:5      | Reached skill level 2 in Conjurations
  6775 | D:5      | Noticed Menkaure
  6836 | D:4      | Killed a black bear
  6836 | D:4      | Reached skill level 2 in Fighting
  7231 | D:5      | Reached skill level 3 in Conjurations
  7295 | D:5      | Learned a level 4 spell: Summon Ice Beast
  7330 | D:5      | Reached skill level 3 in Fighting
  7370 | D:5      | Killed Menkaure
  7370 | D:5      | Reached XP level 8. HP: 34/66 MP: 12/20
  7390 | D:5      | Reached skill level 4 in Fighting
  7390 | D:5      | Reached skill level 4 in Conjurations
  7764 | D:6      | Reached skill level 5 in Fighting
  7840 | D:6      | Reached skill level 5 in Conjurations
  8321 | D:6      | Gained mutation: Your system is resistant to poisons. [potion of beneficial mutation]
  8337 | D:6      | Reached skill level 6 in Fighting
  8380 | D:6      | Reached skill level 2 in Dodging
  8380 | D:6      | Reached skill level 6 in Conjurations
  8417 | D:6      | Got a faintly glowing hunting sling
  8603 | D:6      | Reached XP level 9. HP: 62/75 MP: 20/21
  8732 | D:6      | Noticed Blork the orc
  8739 | D:6      | Killed Blork the orc
  8787 | D:6      | Noticed Grinder
  8797 | D:6      | Killed Grinder
  8797 | D:6      | Reached skill level 3 in Dodging
  9270 | D:7      | Reached skill level 7 in Conjurations
  9287 | D:7      | Got a smoking turquoise ring
  9288 | D:7      | Identified the ring "Pheul" {+/*Tele Str+3 Int-1} (You found it on level 7 of the Dungeon)
  9592 | D:7      | Found a staircase to the Ecumenical Temple.
  9617 | D:7      | Reached skill level 4 in Dodging
  9620 | Temple   | Entered the Ecumenical Temple
  9660 | Temple   | Became a worshipper of Kikubaaqudgha
 10050 | D:7      | Reached skill level 6 in Spellcasting
 10461 | D:8      | Noticed a cyclops
 10491 | D:8      | Killed a cyclops
 10491 | D:8      | Reached skill level 7 in Spellcasting
 10739 | D:8      | Reached skill level 1 in Necromancy
 10885 | D:8      | Got a pair of smoking boots
 10886 | D:8      | Identified the cursed +0 pair of boots of the Slorg {Str+2} (You found it on level 8 of the Dungeon)
 11170 | D:9      | Noticed soonmide's ghost (experienced TrWr)
 11188 | D:9      | Reached skill level 2 in Necromancy
 11347 | D:9      | Found Xaxaloh's General Store.
 11434 | D:9      | Reached skill level 7 in Fighting
 11745 | D:9      | Killed soonmide's ghost
 11745 | D:9      | Reached skill level 3 in Necromancy
 11745 | D:9      | Reached XP level 10. HP: 38/86 MP: 8/25
 11947 | D:9      | Killed an unseen horror
 11947 | D:9      | Reached skill level 8 in Fighting
 11947 | D:9      | Reached skill level 4 in Necromancy
 12241 | D:9      | Acquired Kikubaaqudgha's first power
 12241 | D:9      | Received a gift from Kikubaaqudgha
 12244 | D:9      | Identified Kikubaaqudgha's Tome of Black Magic (Kikubaaqudgha gifted it to you on level 9 of the Dungeon)
 12250 | D:9      | Learned a level 4 spell: Control Undead
 12252 | D:9      | Learned a level 1 spell: Animate Skeleton
 12375 | D:9      | Noticed Pikel
 12394 | D:9      | Killed Pikel
 12439 | D:9      | Found a staircase to the Orcish Mines.
 12477 | D:9      | Noticed a cyan ugly thing
 12531 | D:9      | Reached skill level 5 in Necromancy
 12617 | D:10     | Entered Level 10 of the Dungeon
 13195 | D:10     | Reached skill level 5 in Dodging
 13195 | D:10     | Reached skill level 6 in Necromancy
 13489 | D:10     | Noticed Fannar
 13524 | D:10     | Killed Fannar
 13901 | D:10     | Learned a level 3 spell: Vampiric Draining
 14095 | D:11     | Reached skill level 7 in Necromancy
 14095 | D:11     | Reached XP level 11. HP: 41/95 MP: 1/27
 14108 | D:11     | Acquired Kikubaaqudgha's second power
 14363 | D:11     | Found a staircase to the Lair.
 14380 | Lair:1   | Entered Level 1 of the Lair of Beasts
 14966 | Lair:1   | Reached skill level 8 in Spellcasting
 15544 | Lair:2   | Reached skill level 8 in Necromancy
 15835 | Lair:2   | Reached skill level 7 in Ice Magic
 16551 | Lair:2   | Received a gift from Kikubaaqudgha
 16552 | Lair:2   | Identified Kikubaaqudgha's Almanac of Dark Rituals (Kikubaaqudgha gifted it to you on level 2 of the Lair of Beasts)
 16560 | Lair:2   | Learned a level 6 spell: Simulacrum
 16775 | Lair:3   | Reached skill level 9 in Necromancy
 16801 | Lair:3   | Found a staircase to the Swamp.
 17056 | Lair:3   | Reached skill level 8 in Ice Magic
 17997 | Lair:4   | Reached skill level 10 in Necromancy
 18186 | Lair:4   | Reached skill level 9 in Ice Magic
 18477 | Lair:5   | Reached XP level 12. HP: 88/103 MP: 28/28
 18481 | Lair:5   | Noticed a five-headed hydra
 18590 | Lair:5   | Noticed Maud
 18950 | Lair:5   | Killed a five-headed hydra
 19061 | Lair:5   | Acquired Kikubaaqudgha's third power
 19479 | Lair:6   | Found a hole to the Spider Nest.
 20157 | Lair:6   | Reached skill level 10 in Ice Magic
 20164 | Lair:6   | Reached skill level 11 in Necromancy
 20464 | Lair:7   | Found a blossoming altar of Fedhas.
 20705 | Lair:7   | Noticed a seven-headed hydra
 20712 | Lair:7   | Killed a seven-headed hydra
 20712 | Lair:7   | Reached skill level 6 in Dodging
 21035 | Lair:7   | Noticed a five-headed hydra
 21043 | Lair:7   | Killed a five-headed hydra
 21200 | Lair:7   | Noticed a four-headed hydra
 21207 | Lair:7   | Killed a four-headed hydra
 21207 | Lair:7   | Reached skill level 7 in Dodging
 21243 | Lair:8   | Entered Level 8 of the Lair of Beasts
 21600 | Lair:8   | Found a staircase to the Slime Pits.
 21609 | Lair:8   | Found a viscous altar of Jiyva.
 21766 | Lair:8   | Noticed an eight-headed hydra
 21772 | Lair:8   | Killed an eight-headed hydra
 21772 | Lair:8   | Reached skill level 8 in Dodging
 21877 | Lair:8   | Noticed an anaconda
 21880 | Lair:8   | Killed an anaconda
 21882 | Lair:8   | Killed a dire elephant
 21890 | Lair:8   | Noticed a dire elephant
 21890 | Lair:8   | Noticed a dire elephant
 21893 | Lair:8   | Killed a dire elephant
 21893 | Lair:8   | Killed a dire elephant
 22001 | Lair:8   | Noticed a dire elephant
 22017 | Lair:8   | Killed a dire elephant
 22017 | Lair:8   | Reached skill level 9 in Dodging
 22204 | Lair:8   | Reached XP level 13. HP: 96/108 MP: 13/29
 22287 | Lair:8   | Noticed a dire elephant
 22296 | Lair:8   | Noticed a dire elephant
 22299 | Lair:8   | Killed a dire elephant
 23247 | Lair:8   | Reached skill level 10 in Dodging
 23458 | Lair:8   | Got a transparent cloak
 23464 | Lair:8   | Identified the +0 cloak "Ymuider" {Str+1 Dex+2 Int+2} (You found it on level 8 of the Lair of Beasts)
 23531 | Lair:8   | Reached skill level 9 in Fighting
 23786 | Lair:8   | Learned a level 5 spell: Bolt of Draining
 24195 | D:11     | Found a basalt altar of Yredelemnul.
 25289 | D:10     | Acquired Kikubaaqudgha's fourth power
 25350 | Orc:1    | Entered Level 1 of the Orcish Mines
 25407 | Orc:1    | Reached skill level 9 in Spellcasting
 25517 | Orc:1    | Found a burning altar of Makhleb.
 25607 | Orc:2    | Noticed an orc warlord
 25774 | Orc:1    | Noticed Erolcha
 25806 | Orc:2    | Paralysed by an orc sorcerer for 4 turns
 26089 | Orc:2    | Killed an orc warlord
 26530 | Orc:3    | Noticed Urug
 26530 | Orc:3    | Noticed a stone giant
 26730 | Orc:3    | Reached skill level 10 in Spellcasting
 27208 | Orc:4    | Entered Level 4 of the Orcish Mines
 27707 | Orc:4    | Found a staircase to the Elven Halls.
 27811 | Orc:4    | Noticed an orc warlord
 27988 | Orc:4    | Noticed Nergalle
 28068 | Orc:4    | Reached skill level 10 in Fighting
 28690 | Orc:4    | Killed an orc warlord
 28869 | Orc:4    | Reached skill level 11 in Fighting
 29042 | Orc:4    | Found a roughly hewn altar of Beogh.
 29062 | Orc:4    | Killed Nergalle
 29073 | Orc:4    | Found Uphaam's General Store.
 29334 | Orc:4    | Found Wivyez's Antique Weapon Boutique.
 29401 | Orc:4    | Found Zido's Antique Armour Boutique.
 29408 | Orc:4    | Bought an embroidered cloak for 108 gold pieces
 29408 | Orc:4    | Bought a pair of smoking gloves for 228 gold pieces
 29414 | Orc:4    | Identified the +2 pair of gloves of Broken Taboos {Str-4 Stlth--} (You bought it in a shop on level 4 of the Orcish Mines)
 29450 | Orc:4    | Found Ceaf's Jewellery Boutique.
 29461 | Orc:4    | Bought the ring of Shaolin {EV+8} for 1280 gold pieces
 29461 | Orc:4    | Bought a +5 ring of intelligence for 412 gold pieces
 29737 | Lair:2   | Gained mutation: You heal slowly when monsters are visible. [potion of mutation]
 29737 | Lair:2   | Gained mutation: You are covered in fur (AC +1). [potion of mutation]
 29737 | Lair:2   | Gained mutation: Your vision is a little blurry. [potion of mutation]
 29738 | Lair:2   | Gained mutation: Your vision is quite blurry. [potion of mutation]
 29738 | Lair:2   | Lost mutation: You heal slowly when monsters are visible. [potion of mutation]
 29738 | Lair:2   | Gained mutation: Your vision is extremely blurry. [potion of mutation]
 29967 | D:12     | Noticed Joseph
 29975 | D:12     | Killed Joseph
 31129 | D:13     | Reached XP level 14. HP: 122/124 MP: 1/32
 31528 | D:13     | Found a gate to the Vaults.
 32235 | Temple   | Identified a +2 cutlass of pain (a +0 cutlass bloodied by Kikubaaqudgha)
 32851 | D:13     | Reached skill level 1 in Short Blades
 33154 | D:13     | Learned a level 5 spell: Dispel Undead
 33208 | D:13     | Reached skill level 2 in Short Blades
 33666 | D:14     | Reached skill level 1 in Evocations
 33670 | D:14     | Reached skill level 3 in Short Blades
 33685 | D:14     | Reached skill level 4 in Short Blades
 34069 | D:14     | Reached skill level 5 in Short Blades
 34280 | D:14     | Reached skill level 6 in Short Blades
 34581 | D:14     | Reached skill level 7 in Short Blades
 34721 | D:14     | Found a glowing silver altar of Zin.
 34723 | D:14     | Noticed an angel
 34878 | D:14     | Reached skill level 8 in Short Blades
 35379 | D:14     | Found Obea's Antique Armour Shoppe.
 35383 | D:14     | Bought a glowing hat for 132 gold pieces
 35611 | D:15     | Entered Level 15 of the Dungeon
 35659 | D:15     | Found Momeq's General Store.
 35666 | D:15     | Bought a scroll of recharging for 133 gold pieces
 35854 | D:15     | Reached skill level 12 in Necromancy
 36348 | D:15     | Found a blossoming altar of Fedhas.
 36523 | D:15     | Found a staircase to the Depths.
 36948 | Swamp:1  | Entered Level 1 of the Swamp
 37140 | Swamp:1  | Reached XP level 15. HP: 102/130 MP: 14/32
 37202 | Swamp:1  | Upgraded the game from 0.16-a0-269-gd5b6136 to 0.16-a0-282-ga87e286
 37339 | Swamp:1  | Reached skill level 9 in Short Blades
 37423 | Swamp:1  | Reached skill level 13 in Necromancy
 38787 | Swamp:3  | Reached skill level 10 in Short Blades
 38900 | Swamp:3  | Noticed a thorn hunter
 38906 | Swamp:3  | Killed a thorn hunter
 38959 | Swamp:3  | Noticed Agnes
 38967 | Swamp:3  | Killed Agnes
 39011 | Swamp:3  | Reached skill level 12 in Fighting
 39633 | Swamp:4  | Noticed a thorn hunter
 39638 | Swamp:4  | Reached skill level 14 in Necromancy
 39654 | Swamp:4  | Killed a thorn hunter
 39880 | Swamp:4  | Got a smoking amber ring
 39881 | Swamp:4  | Identified the ring of Tuschol {rPois Str+1 Int-3} (You found it on level 4 of the Swamp)
 40311 | Swamp:5  | Entered Level 5 of the Swamp
 40764 | Swamp:5  | Reached skill level 13 in Fighting
 40800 | Swamp:5  | Noticed a tentacled monstrosity
 40807 | Swamp:5  | Killed a tentacled monstrosity
 40911 | Swamp:5  | Got a decaying rune of Zot
 41175 | Swamp:5  | Noticed a thorn hunter
 41180 | Swamp:5  | Reached XP level 16. HP: 123/143 MP: 18/34
 41186 | Swamp:5  | Killed a thorn hunter
 41190 | Swamp:5  | Identified a +0 rod of shadows (10/10) (You found it on level 5 of the Swamp)
 41215 | Swamp:5  | Slain by a spriggan rider

Vanquished Creatures
  2 thorn hunters
  2 orc warlords
  A very ugly thing (Swamp:5)
  2 dire elephants (Lair:8)
  A yaktaur captain (D:15)
  7 hydras
  Fannar (D:10)
  A shambling mangrove (Swamp:4)
  5 centaur warriors
  An alligator (Swamp:3)
  An orc high priest (Orc:4)
  2 tengu warriors (D:13)
  Nergalle (Orc:4)
  A deep elf knight (D:13)
  2 catoblepae
  An unseen horror (D:9)
  6 skeletal warriors
  3 swamp dragons (Swamp:5)
  A spriggan druid (Swamp:3)
  Pikel (D:9)
  A wizard (D:14)
  2 hill giants
  3 red wasps
  3 orc sorcerers
  4 orc knights
  A manticore (D:14)
  2 griffons
  A cyclops (D:15)
  12 ugly things
  4 elephants
  3 black mambas
  Joseph (D:12)
  4 spiny frogs
  4 komodo dragons
  A centaur skeleton (D:14)
  A gargoyle (D:14)
  A kobold demonologist (D:13)
  2 fire drakes
  A yaktaur (D:15)
  A freezing wraith (D:14)
  3 trolls
  4 blink frogs
  3 two-headed ogres
  A giant leech (Swamp:4)
  5 ravens
  A baby alligator (Swamp:3)
  4 bog bodies
  9 slime creatures
  A basilisk (Lair:2)
  A spriggan (Swamp:4)
  5 shadows
  A vampire (D:15)
  3 deep elf magi
  5 wyverns
  21 yaks
  7 wolves
  5 hippogriffs
  A vampire mosquito (Swamp:3)
  9 swamp worms
  Menkaure (D:5)
  2 tengu skeletons
  4 wargs (Orc:4)
  8 water moccasins
  6 porcupines
  6 sky beasts
  2 mottled dragons
  A black bear (D:4)
  2 ice beasts
  2 necrophages
  2 phantoms
  A slave (D:9)
  3 swamp drakes
  24 orc warriors
  9 centaurs
  A boring beetle (Lair:8)
  2 yellow wasps
  A manticore skeleton (D:9)
  Duvessa (D:5)
  9 crocodiles
  9 ogres
  4 big kobolds (D:13)
  A brain worm (D:13)
  13 giant frogs
  A komodo dragon skeleton (D:13)
  A cyclops zombie (D:15)
  A gnoll sergeant (D:9)
  3 insubstantial wisps (Swamp:1)
  2 scorpions
  12 wights
  An eye of draining (D:10)
  13 killer bees
  8 crimson imps
  A goliath beetle (D:4)
  5 jellies
  11 hounds
  Dowan (D:5)
  A basilisk zombie (D:12)
  22 orc priests
  9 iguanas
  A gnoll shaman (D:4)
  Natasha (twice) (D:5)
  20 orc wizards
  4 sheep
  9 worker ants
  Ijyb (D:1)
  2 mottled dragon skeletons
  A hound skeleton (Orc:1)
  13 gnolls
  23 adders
  39 green rats
  4 shadow imps
  2 giant mites
  A goliath beetle zombie (D:6)
  4 worms
  An adder zombie (D:7)
  An orc skeleton (D:4)
  2 oozes
  91 orcs
  21 hobgoblins
  3 jackals (D:1)
  9 kobolds
  9 quokkas
  8 bats
  8 giant cockroaches
  7 giant geckos
  5 giant newts
  2 giant spores
  17 goblins
  A goblin skeleton (D:2)
  A jackal zombie (D:2)
  A kobold skeleton (D:2)
  2 orc zombies
  A quokka skeleton (D:11)
  21 rats
  A rat zombie (D:6)
  9 ballistomycetes
  2 fungi
  5 plants (Lair:8)
  A toadstool (Swamp:3)
744 creatures vanquished.

Vanquished Creatures (collateral kills)
  A tentacled monstrosity (Swamp:5)
  Agnes (Swamp:3)
  A thorn hunter (Swamp:3)
  A very ugly thing (Swamp:5)
  3 dire elephants (Lair:8)
  2 green deaths (Swamp:5)
  11 hydras
  2 shambling mangroves (Swamp:2)
  An anaconda (Lair:8)
  3 alligators
  A centaur warrior (D:15)
  An ogre mage (D:13)
  The ghost of soonmide the Grappler, an experienced TrWr of Cheibriados (D:9)
  2 large abominations (Swamp:5)
  3 spriggan druids
  4 swamp dragons
  A hill giant (D:15)
  A red wasp (Swamp:2)
  A cyclops (D:8)
  8 ugly things
  2 griffons
  7 elephants
  3 black mambas
  7 spiny frogs
  2 gargoyles
  A torpor snail (Lair:8)
  A fire drake (Lair:8)
  2 basilisks
  3 komodo dragons
  Grinder (D:6)
  A troll (D:10)
  3 giant leeches
  3 bog bodies
  2 baby alligators (Swamp:3)
  8 blink frogs
  A hydra skeleton (D:13)
  9 slime creatures (Swamp:5)
  5 ravens
  6 spriggans
  A trapdoor spider (D:11)
  A hippogriff (Lair:7)
  5 shadows
  21 yaks
  12 vampire mosquitoes
  18 swamp worms
  6 wolves
  10 water moccasins
  6 porcupines
  3 swamp drakes
  An orc warrior (Orc:4)
  An ice beast (D:12)
  8 yellow wasps
  A manticore zombie (D:11)
  An ogre (D:13)
  A boring beetle (Lair:8)
  5 crocodiles
  A centaur (D:15)
  An orc skeleton (D:13)
  A gnoll sergeant (D:6)
  Blork the orc (D:6)
  8 giant frogs
  An insubstantial wisp (Swamp:1)
  2 scorpions
  A goliath beetle (D:7)
  A killer bee (D:9)
  A troll skeleton (D:13)
  2 wights
  A hippogriff skeleton (D:6)
  2 hounds
  2 orc priests (Orc:3)
  An iguana (Lair:1)
  7 orc wizards
  3 worker ants
  6 sheep
  4 gnolls
  62 green rats
  10 adders
  A shadow imp (D:11)
  27 orcs
  3 goblins
  3 jackals (D:10)
  3 quokkas
  A bat (D:6)
  2 giant newts (D:6)
  A rat (D:10)
  A spectral orc (Orc:4)
  A fungus (Lair:7)
  6 plants
384 creatures vanquished.

Vanquished Creatures (others)
  A dire elephant skeleton (Lair:8)
  A griffon skeleton (Lair:4)
  2 alligator skeletons
  A black mamba skeleton (Lair:7)
  3 raven skeletons (Swamp:2)
  A slave (D:9)
  34 ice beasts
  A swamp dragon skeleton (Swamp:5)
  2 elephant skeletons (Lair:8)
  5 blink frog skeletons (Lair:2)
  A fire drake skeleton (Lair:4)
  A water moccasin skeleton (Swamp:5)
  9 yak skeletons
  5 wolf skeletons
  3 giant frog skeletons
  A basilisk skeleton (Lair:4)
  A porcupine skeleton (Lair:8)
  4 crocodile skeletons
  A human skeleton (D:9)
  A hound skeleton (Lair:3)
  A mottled dragon skeleton (D:14)
  Natasha (D:5)
  A swamp drake skeleton (Swamp:2)
  3 sheep skeletons
  3 adder skeletons
  An iguana skeleton (Lair:5)
  2 giant spores
  20 green rat skeletons
  A hobgoblin skeleton (Orc:4)
  3 orc skeletons
  3 quokka skeletons
  A bush (D:10)
  8 fungi
  A plant (Lair:8)
  6 toadstools (Swamp:3)
133 creatures vanquished.

Grand Total: 1261 creatures vanquished
